 Dungeon Crawl Stone Soup version 0.32-a0-290-g598725c5f2 (webtiles) character file.

Game seed: 7565599639766672356

252992 jasper the Messiah (level 18, -34/171 HPs)
             Began as a Mountain Dwarf Monk on Feb 13, 2024.
             Was the Champion of Beogh.
             Killed from afar by a ghostly deep elf annihilator (56 damage)
             ... with a bolt of lightning
             ... on level 3 of the Elven Halls.
             The game lasted 01:00:39 (36916 turns).

jasper the Messiah (Mountain Dwarf Monk)           Turns: 36916, Time: 01:00:39

Health: -34/171    AC: 29    Str: 32    XL:     18   Next: 98%
Magic:  33/33      EV: 10    Int: 23    God:    Beogh [******]
Gold:   1719       SH: 23    Dex: 12    Spells: 11/17 levels left

rFire   + + .        h - +9 broad axe of Wyrd {drain, rF+ Str+6}
rCold   . . .        b - +0 tower shield
rNeg    + . .        Q - +10 scale mail of Courage {Int+7}
rPois   +            i - +1 helmet
rElec   .            F - +2 cloak {Stlth+}
rCorr   .            v - +1 pair of gloves of Leaves {+Inv Int+3 SInv}
SInv    +            V - +2 pair of boots "Deukotze" {rF+ Will+ Stlth+}
Will    +++..        L - amulet of reflection
Stlth   ++           k - ring "Istrecs" {rN+ Str+6}
HPRegen 0.48/turn    m - ring of Selo {rPois Will+}
MPRegen 0.23/turn

%: reflection
@: corroded
A: walk on water, runic magic, artefact enchanting
}: 2/15 runes: serpentine, barnacled
a: Renounce Religion, Evoke Invisibility, Smiting, Recall Apostles, Blood for
Blood, Dismiss Orkwin, priest, Dismiss Gorbash, warrior


You were on level 3 of the Elven Halls.
You worshipped Beogh.
Beogh was exalted by your worship.
You visited 6 branches of the dungeon, and saw 33 of its levels.
You also visited: Ossuary, Gauntlet and Volcano.

You collected 3975 gold pieces.
You spent 2256 gold pieces at shops.

Inventory:

Hand Weapons
 a - a +1 hand axe of draining
 h - the +9 broad axe of Wyrd (weapon) {drain, rF+ Str+6}
   (You acquired it on level 3 of the Dungeon)

   Str+6:     It affects your strength (+6).
   rF+:       It protects you from fire.
Missiles
 I - 5 curare-tipped darts
 O - 5 throwing nets
Armour
 b - a +0 tower shield (worn)
 i - a +1 helmet (worn)
 v - the +1 pair of gloves of Leaves (worn) {+Inv Int+3 SInv}
   (You bought it in a shop on level 3 of the Shoals)

   Int+3:     It affects your intelligence (+3).
   SInv:      It lets you see invisible.
   +Inv:      It lets you turn invisible.
 F - a +2 cloak of stealth (worn)
 Q - the +10 scale mail of Courage (worn) {Int+7}
   (You found it on level 5 of the Lair of Beasts)

   Int+7:     It affects your intelligence (+7).
 V - the +2 pair of boots "Deukotze" (worn) {rF+ Will+ Stlth+}
   (You found it on level 12 of the Dungeon)

   rF+:       It protects you from fire.
   Will+:     It increases your willpower.
   Stlth+:    It makes you more stealthy.
Jewellery
 k - the ring "Istrecs" (left hand) {rN+ Str+6}
   (You acquired it in an ossuary)

   [ring of strength]

   Str+6:     It affects your strength (+6).
   rN+:       It protects you from negative energy.
 m - the ring of Selo (right hand) {rPois Will+}
   (You found it in a Gauntlet)

   [ring of poison resistance]

   rPois:     It protects you from poison Will+: It increases your willpower.
 u - a ring of protection from fire
 K - the ring of the Coward {rC+ EV+5}
   (You found it on level 5 of the Lair of Beasts)

   [ring of evasion]

   EV+5:      It affects your evasion (+5).
   rC+:       It protects you from cold.
 L - an amulet of reflection (around neck)
 R - the ring of Cevoriga {rN+ Stlth+}
   (You found it on level 5 of the Lair of Beasts)

   [ring of positive energy]

   rN+:       It protects you from negative energy.
   Stlth+:    It makes you more stealthy.
 U - a ring of protection from cold
Wands
 d - a wand of acid (22)
 l - a wand of iceblast (12)
 E - a wand of mindburst (24)
 H - a wand of digging (4)
 Z - a wand of flame (37)
Scrolls
 e - a scroll of fog
 r - 19 scrolls of teleportation
 w - 3 scrolls of revelation
 y - 4 scrolls of enchant armour
 z - 5 scrolls of butterflies
 A - 7 scrolls of immolation
 B - 9 scrolls of identify
 C - 4 scrolls of fear
 D - 2 scrolls of poison
 J - 5 scrolls of blinking
 M - 3 scrolls of brand weapon
 N - 6 scrolls of enchant weapon
 W - a scroll of silence
Potions
 c - 7 potions of ambrosia
 f - 3 potions of resistance
 g - 13 potions of haste
 j - 5 potions of attraction
 n - 3 potions of invisibility
 p - 3 potions of heal wounds
 s - 7 potions of curing
 t - 7 potions of cancellation
 x - 2 potions of magic
 G - 2 potions of might
 P - 5 potions of lignification
 S - 7 potions of mutation
 T - 6 potions of enlightenment
Miscellaneous
 o - a phial of floods
 q - a phantom mirror
 X - a sack of spiders
 Y - a lightning rod (4/4)


   Skills:
 + Level 17.9 Fighting
 - Level 18.0 Axes
 + Level 16.5 Armour
 - Level 2.1 Dodging
 + Level 15.4 Shields
 + Level 23.7 Invocations


You had 11 spell levels left.
You knew the following spells:

 Your Spells              Type           Power      Damage    Failure   Level
a - Passwall              Erth           0%         N/A       71%         3
b - Apportation           Tloc           0%         N/A       34%         1
c - Blink                 Tloc           0%         N/A       45%         2

Your spell library contained the following spells:

 Spells                   Type           Power      Damage    Failure   Level
 Kiss of Death            Conj/Necr      0%         2d5       34%         1
 Magic Dart               Conj           0%         1d3       34%         1
 Sandblast                Erth           0%         2d4       34%         1
 Slow                     Hex            0%         N/A       34%         1
 Sting                    Conj/Alch      0%         1d3       34%         1
 Call Imp                 Summ           0%         N/A       45%         2
 Cigotuvi's Dreadful Rot  Necr/Alch/Air  0%         N/A       45%         2
 Ensorcelled Hibernation  Hex/Ice        0%         N/A       45%         2
 Jinxbite                 Hex            0%         N/A       45%         2
 Mercury Vapours          Alch/Air       0%         N/A       45%         2
 Searing Ray              Conj           0%         2d4       45%         2
 Static Discharge         Conj/Air       0%         3-3/arc   45%         2
 Confusing Touch          Hex            0%         N/A       71%         3
 Dazzling Flash           Conj/Hex       0%         N/A       71%         3
 Frozen Ramparts          Ice            0%         1d1       71%         3
 Inner Flame              Hex/Fire       0%         N/A       71%         3
 Mephitic Cloud           Conj/Alch/Air  0%         N/A       71%         3
 Ozocubu's Armour         Ice            0%         N/A       71%         3
 Sigil of Binding         Hex            0%         N/A       71%         3
 Stone Arrow              Conj/Erth      0%         3d7       71%         3
 Swiftness                Air            0%         N/A       71%         3
 Vampiric Draining        Necr           0%         2d6       71%         3
 Airstrike                Air            0%         2d(0-16)  98%         4
 Animate Armour           Summ/Erth      0%         N/A       98%         4
 Brom's Barrelling Bould  Conj/Erth      0%         2d3       98%         4
 Cause Fear               Hex            0%         N/A       98%         4
 Dispel Undead            Necr           0%         3d6       98%         4
 Fulminant Prism          Conj/Alch      0%         3d5       98%         4
 Ignite Poison            Fire/Alch      0%         N/A       98%         4
 Leda's Liquefaction      Alch/Erth      0%         N/A       98%         4
 Martyr's Knell           Necr/Summ      0%         N/A       98%         4
 Olgreb's Toxic Radiance  Alch           0%         N/A       98%         4
 Petrify                  Alch/Erth      0%         N/A       98%         4
 Summon Lightning Spire   Summ/Air       0%         N/A       98%         4
 Alistair's Intoxication  Alch           0%         N/A       100%        5
 Curse of Agony           Necr           0%         N/A       100%        5
 Fireball                 Conj/Fire      0%         3d3       100%        5
 Freezing Cloud           Conj/Ice/Air   0%         6-21      100%        5
 Irradiate                Conj/Alch      0%         3d11      100%        5
 Metabolic Englaciation   Hex/Ice        0%         N/A       100%        5
 Silence                  Hex/Air        0%         N/A       100%        5
 Yara's Violent Unravell  Hex/Alch       0%         3d3       100%        5
 Conjure Ball Lightning   Conj/Air       0%         3x3d6     100%        6
 Death Channel            Necr           0%         N/A       100%        6
 Sculpt Simulacrum        Ice/Alch       0%         N/A       100%        6
 Enfeeble                 Hex            0%         N/A       100%        7
 Discord                  Hex            0%         N/A       100%        8
 Disjunction              Tloc           0%         N/A       100%        8
 Ignition                 Fire           0%         3d3       100%        8
 Lehudib's Crystal Spear  Conj/Erth      0%         10d2      100%        8
 Dragon's Call            Summ           0%         N/A       100%        9


Dungeon Overview and Level Annotations

Branches:
Dungeon (15/15)            Temple (0/1) D:7            Lair (5/5) D:11
 Shoals (4/4) Lair:2        Snake (4/4) Lair:2        Slime (0/5) Lair:4
    Orc (2/2) D:10            Elf (3/3) Orc:2        Vaults (0/5) D:13
 Depths (0/4) D:15        Ossuary (visited)         Volcano (visited)
Gauntlet (visited)

Altars:
Ashenzari
Dithmenos
Elyvilon
Fedhas
Hepliaklqana
Nemelex Xobeh
Okawaru
Ru
Sif Muna
Trog
Vehumet
Yredelemnul
Zin
The Shining One
Beogh
Jiyva

Shops:
D:14 ?   Orc:2 ?(*!   Shoals:2 [   Shoals:3 ([(?(

Annotations:
D:8 3 runed translucent doors, Azoth's ghost, novice DEHu; Krumphau's ghost, novice DsMo
Lair:4 1 runed translucent door
Shoals:1 1 runed translucent door, bakla's ghost, journeyman HuEE
Snake:1 2 transporters
Snake:3 2 transporters, Wastoufi's ghost, adept GrFi
Elf:2 3 runed translucent doors


Innate Abilities, Weirdness & Mutations

You can walk on water.
Your facial features are unmistakably orcish.
Your spellcasting is much less encumbered by armour.
You can use scrolls of enchantment on lesser artefacts.


Message History

You take 20 damage, and have 36/171 hp.
You feel much better.
You block the deep elf sorcerer's attack.
You block the deep elf blademaster's attack. x2
The ghostly deep elf annihilator casts a spell at you.
The poison arrow hits you.
You are poisoned.
You partially resist.
A deep elf master archer comes into view.
The deep elf high priest utters an invocation to its god.
The deep elf high priest begins emitting a brilliant aura!
The deep elf death mage beckons forth restless souls!
The deep elf elementalist points next to you and mumbles some strange words.
The wall shatters!
The blast of rock fragments hits you but does no damage.
The deep elf sorcerer casts a spell at you.
The bolt of acid hits you!!!
* * * LOW HITPOINT WARNING * * *
The deep elf sorcerer points at you and mumbles some strange words.
The bolt of acid hits you but does no damage.
The acid corrodes you!
You hear a shout!
You take 24 damage, and have 12/171 hp.
Okay, then.
You feel better.
The lost soul fades away!
The deep elf blademaster barely misses you.
You block the deep elf blademaster's attack.
The deep elf sorcerer casts a spell at you.
You resist with almost no effort.
The ghostly deep elf annihilator hits you but does no damage.
You block the deep elf blademaster's attack.
The deep elf blademaster hits you but does no damage.
You block the deep elf sorcerer's attack.
You regained 9 hp, and now have 21/171 hp.
Blink to where?
Press: ? - help, Dir - move target
As you read the scroll of blinking, it crumbles to dust.
The ghostly deep elf annihilator points at you and mumbles some strange words.
The bolt of lightning hits you!!!
You die...

#####'#########..#...#
........ #..#...#
......... #..#...#
.......... #..#...#
###############..#...#
... ............#...#
........../....#...#
###+##########'##...#
........@...........#
....................#
....................#
######).#############
#).# #ee# #ee# #)ยง#
#).#


You could see a deep elf blademaster (drained, target of vengeance), a ghostly
deep elf annihilator (empowered, target of vengeance), a deep elf sorcerer
(fast, empowered, target of vengeance) and a deep elf elementalist (fast,
empowered, repels missiles, target of vengeance).

Vanquished Creatures
  Mlioglotl (Snake:4)
  A deep elf master archer (Elf:3)
  Gastronok (D:9)
  Polyphemus (Shoals:3)
  Frances (D:14)
  2 sphinxes (Shoals:4)
  Agnes (D:14)
  Ilsuiw (Shoals:3)
  3 nagarajas
  2 deep elf sorcerers (Elf:3)
  4 deep elf elementalists
  Louise (Snake:2)
  2 dire elephants (Lair:5)
  A deep elf demonologist (Elf:3)
  A minotaur (Shoals:4)
  Snorg (Lair:5)
  A green death (Gauntlet)
  A merfolk impaler (Shoals:3)
  A vault guard (D:13)
  Harold (D:9)
  A hydra (Lair:4)
  A catoblepas (Lair:3)
  2 salamander tyrants (Snake:4)
  2 centaur warriors
  3 merfolk avatars (Shoals:4)
  3 anacondas
  4 two-headed ogres
  8 dancing weapons
  10 satyrs
  3 merfolk aquamancers
  3 death yaks
  2 boulder beetles
  3 tengu warriors
  8 naga warriors
  A hell hog (Volcano)
  A spectral dire elephant (Lair:5)
  4 naga sharpshooters
  An orc high priest (Elf:2)
  7 deep elf knights (Elf:1)
  3 shock serpents
  A salamander mystic (Snake:4)
  2 skysharks
  3 skeletal warriors (D:15)
  5 sea snakes
  A spectral death yak (Lair:5)
  A spectral anaconda (Lair:5)
  An obsidian statue (Lair:5)
  5 mana vipers
  6 deep elf archers (Elf:1)
  2 naga ritualists (Snake:1)
  19 harpies
  4 orc knights (Orc:2)
  A lindwurm (Volcano)
  3 orc sorcerers
  11 deep elf pyromancers
  8 cyclopes
  9 deep elf zephyrmancers
  3 necromancers
  8 fauns
  6 ugly things
  8 manticores
  A meliai (shapeshifter) (Elf:2)
  7 elephants (Lair:5)
  5 salamanders
  A kobold blastminer (Orc:2)
  11 naga magi
  4 merfolk sirens
  2 guardian serpents
  A water nymph (Shoals:3)
  Joseph (D:9)
  18 black mambas
  3 gargoyles
  Jeremiah (D:9)
  7 cane toads
  2 torpor snails
  2 unseen horrors
  3 rime drakes
  6 komodo dragons
  2 tengu conjurers (Gauntlet)
  2 wind drakes
  2 trolls (shapeshifter)
  3 trolls
  13 merfolk
  A hornet (shapeshifter) (Elf:2)
  Prince Ribbit (D:6)
  A blink frog (shapeshifter) (Elf:3)
  6 saltlings (Orc:2)
  A raiju (Gauntlet)
  A polar bear (Lair:2)
  10 blink frogs
  7 snapping turtles
  6 dream sheep
  A spriggan zombie (D:15)
  An air elemental (Elf:1)
  11 wyverns
  11 slime creatures
  A vampire (D:11)
  2 wraiths
  5 water elementals
  39 yaks
  A shadow (D:11)
  A centaur simulacrum (D:15)
  2 humans (shapeshifter)
  A human (D:13)
  13 fire bats (Volcano)
  3 steam dragons
  A fire elemental (Elf:2)
  2 wargs
  A spectral cane toad (Lair:5)
  Duvessa (D:6)
  An acid dragon (D:14)
  27 nagas
  8 water moccasins
  12 orc warriors
  2 sky beasts (D:6)
  3 black bears
  6 ogres
  A laughing skull (D:15)
  29 wolves
  7 centaurs
  6 kobold brigands
  A phantom (D:7)
  3 elf zombies (Ossuary)
  8 bullfrogs
  A gnoll sergeant (D:6)
  2 scorpions
  Blork the orc (D:6)
  An earth elemental (Elf:1)
  11 wights
  Dowan (D:6)
  An elephant simulacrum (Lair:5)
  3 electric eels (D:11)
  6 howler monkeys
  6 lava snakes (Volcano)
  2 bombardier beetles
  3 centaur zombies (Ossuary)
  A hound (D:5)
  3 human zombies (Ossuary)
  5 jellies
  5 orc priests
  Crazy Yiuf (D:5)
  3 iguanas
  12 orc wizards
  2 crocodile zombies (Ossuary)
  4 mummies
  Robin (D:4)
  9 adders
  10 gnolls
  A shadow imp (D:5)
  2 white imps (D:6)
  A dart slug (D:2)
  2 ribbon worms
  24 orcs
  7 ball pythons
  3 bats
  2 endoplasms
  2 giant cockroaches
  13 goblins
  8 hobgoblins
  4 jackals (D:2)
  28 kobolds
  A quokka (D:2)
  4 frilled lizards
  6 rats
749 creatures vanquished.

Vanquished Creatures (collateral kills)
  A sphinx (Shoals:4)
  5 nagarajas (Snake:4)
  A deep elf sorcerer (Elf:3)
  An ironbound thunderhulk (D:13)
  A minotaur (Gauntlet)
  A dire elephant (Lair:5)
  4 merfolk javelineers
  An entropy weaver (shapeshifter) (D:12)
  3 merfolk impalers
  4 hydras
  A sphinx zombie (D:15)
  A merfolk avatar (Shoals:2)
  2 merfolk aquamancers
  An anaconda (Snake:1)
  A catoblepas (Shoals:2)
  A boulder beetle (D:12)
  5 dancing weapons
  5 naga warriors
  2 death yaks
  A two-headed ogre (D:14)
  3 satyrs (Shoals:4)
  2 tengu warriors (D:14)
  A vampire mage (D:15)
  4 naga sharpshooters (Snake:4)
  2 shock serpents
  A salamander mystic (Snake:4)
  2 deep elf knights
  2 skysharks (Shoals:2)
  4 mana vipers
  12 sea snakes
  4 deep elf archers
  4 naga ritualists
  2 orc knights (Orc:2)
  5 deep elf pyromancers
  6 deep elf zephyrmancers
  12 harpies
  2 necromancers (Lair:5)
  6 manticores
  A salamander (Snake:2)
  An orc sorcerer (Orc:1)
  5 ugly things
  6 fauns
  2 elephants (Lair:5)
  9 naga magi
  A water nymph (Shoals:4)
  A guardian serpent (Snake:4)
  2 merfolk sirens
  7 black mambas
  A gargoyle (D:12)
  An orange demon (Snake:2)
  5 cane toads
  3 komodo dragons
  A rime drake (Lair:5)
  10 merfolk
  3 wind drakes
  4 trolls
  3 blink frogs (Lair:5)
  3 dream sheep
  5 saltlings (Orc:2)
  4 snapping turtles
  6 slime creatures (D:14)
  3 water elementals
  A fire bat (Volcano)
  A basilisk (D:13)
  9 yaks
  A steam dragon (Lair:4)
  32 nagas
  A spectral cane toad (Lair:5)
  2 water moccasins
  A laughing skull (D:15)
  An orc warrior (Orc:1)
  An ogre (Orc:1)
  A centaur (D:13)
  6 wolves
  An earth elemental (Elf:1)
  An elephant simulacrum (Lair:5)
  2 lava snakes (Volcano)
  An orc wizard (Orc:1)
  A foxfire (Lair:2)
266 creatures vanquished.

Vanquished Creatures (others)
  3 orc warlords (Snake:4)
  A deep elf elementalist (Elf:3)
  A merfolk aquamancer (Shoals:1)
  4 orc high priests
  2 deep elf zephyrmancers (Elf:1)
  5 orc knights
  An orc sorcerer (Orc:2)
  A black mamba (Snake:4)
  A merfolk siren (Shoals:1)
  8 orc apostles
  A naga (Snake:4)
  7 orc warriors
  6 orc priests
  2 orc wizards (Orc:2)
  12 orcs
  61 foxfires
116 creatures vanquished.

Grand Total: 1131 creatures vanquished

Notes
Turn   | Place    | Note
-------+----------+-------------------------------------------
     0 | D:1      | jasper the Mountain Dwarf Monk began the quest for the Orb.
     0 | D:1      | Reached XP level 1. HP: 19/19 MP: 1/1
   313 | D:1      | Reached XP level 2. HP: 26/26 MP: 2/2
   769 | D:2      | Found a broken altar of Ashenzari.
   817 | D:2      | Reached XP level 3. HP: 31/31 MP: 3/3
   920 | D:2      | Reached skill level 5 in Axes
  1086 | D:2      | Reached skill level 1 in Armour
  1115 | D:2      | Found a faded altar of an unknown god.
  1572 | D:3      | Reached XP level 4. HP: 40/40 MP: 4/4
  1576 | D:3      | Learned a level 3 spell: Passwall
  1690 | D:3      | Noticed a scorpion
  1726 | D:3      | Killed a scorpion
  1727 | D:3      | Reached XP level 5. HP: 21/46 MP: 5/5
  2308 | D:3      | Identified 2 scrolls of acquirement
  2308 | D:3      | Acquired 898 gold pieces
  2310 | D:3      | Acquired the +9 broad axe of Wyrd {drain, rF+ Str+6}
  2487 | D:4      | Noticed Robin
  2498 | D:4      | Killed Robin
  2527 | D:4      | Found a sand-covered staircase.
  2533 | D:4      | Reached XP level 6. HP: 42/53 MP: 6/6
  2537 | Ossuary  | Entered an ossuary
  2586 | Ossuary  | HP: 2/53 [mummy (15)]
  2794 | Ossuary  | Reached XP level 7. HP: 48/60 MP: 7/7
  2953 | Ossuary  | Acquired the ring "Istrecs" {rN+ Str+6}
  3119 | D:4      | Found a white marble altar of Elyvilon.
  3120 | D:4      | Found a glowing golden altar of the Shining One.
  3124 | D:4      | Found a glowing silver altar of Zin.
  3554 | D:4      | Learned a level 1 spell: Apportation
  3557 | D:4      | Learned a level 2 spell: Blink
  3560 | D:4      | Reached skill level 10 in Axes
  3667 | D:5      | Entered Level 5 of the Dungeon
  3694 | D:5      | Found a sacrificial altar of Ru.
  3814 | D:5      | Reached XP level 8. HP: 67/67 MP: 8/8
  3939 | D:5      | Found a basalt altar of Yredelemnul.
  3973 | D:5      | Found a blossoming altar of Fedhas.
  4062 | D:5      | Found a runed translucent door.
  4063 | D:5      | Noticed Crazy Yiuf
  4381 | D:5      | Killed Crazy Yiuf
  4427 | D:6      | Noticed Duvessa
  4427 | D:6      | Noticed Dowan
  4434 | D:6      | Killed Duvessa
  4434 | D:6      | Killed Dowan
  4508 | D:6      | Noticed Prince Ribbit
  4512 | D:6      | Reached skill level 5 in Fighting
  4512 | D:6      | Killed Prince Ribbit
  4513 | D:6      | Reached XP level 9. HP: 47/74 MP: 9/9
  4627 | D:6      | Noticed Blork the orc
  4637 | D:6      | Killed Blork the orc
  5105 | D:7      | Identified the +7 leather armour "Setom" {Dex+2}
  5265 | D:7      | Found a staircase to the Ecumenical Temple.
  5484 | D:8      | Reached skill level 5 in Armour
  5513 | D:8      | Noticed a two-headed ogre
  5517 | D:8      | Killed a two-headed ogre
  5605 | D:8      | Reached XP level 10. HP: 84/84 MP: 10/10
  5616 | D:8      | Found a runed translucent gate.
  5617 | D:8      | Found a runed translucent gate.
  5618 | D:8      | Found a runed translucent gate.
  5690 | D:8      | Reached skill level 1 in Shields
  6328 | D:8      | Noticed Krumphau's ghost (novice DsMo)
  6329 | D:8      | Noticed Azoth's ghost (novice DEHu)
  6541 | D:9      | Noticed Jeremiah
  6568 | D:9      | Killed Jeremiah
  6620 | D:9      | Noticed Harold
  6628 | D:9      | Killed Harold
  6629 | D:9      | Reached skill level 15 in Axes
  6798 | D:9      | Noticed Joseph
  6816 | D:9      | Killed Joseph
  7120 | D:9      | Noticed a two-headed ogre
  7127 | D:9      | Killed a two-headed ogre
  7128 | D:9      | Noticed Gastronok
  7149 | D:9      | Killed Gastronok
  7370 | D:9      | Reached XP level 11. HP: 95/95 MP: 11/11
  7402 | D:9      | Found a shimmering blue altar of Sif Muna.
  7402 | D:9      | Found an iron altar of Okawaru.
  7402 | D:9      | Found a hazy altar of Hepliaklqana.
  7402 | D:9      | Found a shadowy altar of Dithmenos.
  7409 | D:9      | Found a sparkling altar of Nemelex Xobeh.
  7414 | D:9      | Found a radiant altar of Vehumet.
  7727 | D:10     | Entered Level 10 of the Dungeon
  7784 | D:10     | Reached skill level 5 in Shields
  8107 | D:10     | Found a staircase to the Orcish Mines.
  8139 | Orc:1    | Entered Level 1 of the Orcish Mines
  8230 | Orc:1    | Noticed an orc high priest
  8231 | Orc:1    | Noticed an orc sorcerer
  8234 | Orc:1    | Noticed a sixfirhy
  8235 | Orc:1    | Noticed a soul eater
  8243 | Orc:1    | Became a worshipper of Beogh the Shepherd
  8243 | Orc:1    | Reached * piety under Beogh
  8243 | Orc:1    | Reached ** piety under Beogh
  8775 | D:11     | Found a staircase to the Lair.
  9045 | D:11     | Reached skill level 1 in Invocations
  9200 | D:11     | Reached skill level 2 in Invocations
  9217 | D:11     | Reached skill level 3 in Invocations
  9328 | D:11     | Reached skill level 4 in Invocations
  9580 | D:11     | Noticed a two-headed ogre
  9586 | D:11     | Killed a two-headed ogre
  9587 | D:11     | Reached skill level 5 in Invocations
  9655 | D:11     | You fall into a shaft and drop 2 floors!
  9736 | D:13     | Reached XP level 12. HP: 106/106 MP: 15/15
  9758 | D:12     | Reached *** piety under Beogh
  9759 | D:12     | Reached skill level 10 in Fighting
  9781 | D:12     | Noticed a boulder beetle
  9807 | D:12     | Anointed Orkwin the priest as your apostle
  9812 | D:12     | Killed a boulder beetle
  9813 | D:12     | Reached skill level 6 in Invocations
  9847 | D:12     | Identified the +2 pair of boots "Deukotze" {rF+ Will+
                  | Stlth+}
  9860 | D:12     | Noticed an entropy weaver
  9872 | D:12     | Killed an entropy weaver
  9913 | D:12     | Found a gate leading to a gauntlet.
  9921 | Gauntlet | Entered a Gauntlet
  9921 | Gauntlet | Noticed a tengu warrior
  9921 | Gauntlet | Found a transporter.
  9921 | Gauntlet | Found a transporter.
 10037 | Gauntlet | Found a transporter.
 10040 | Gauntlet | Found a transporter.
 10048 | Gauntlet | Found a transporter.
 10052 | Gauntlet | Found a transporter.
 10055 | Gauntlet | Found a runed translucent door.
 10059 | Gauntlet | Found a transporter.
 10067 | Gauntlet | Found a runed translucent door.
 10068 | Gauntlet | Noticed a green death
 10077 | Gauntlet | Found a transporter.
 10094 | Gauntlet | Found a transporter.
 10097 | Gauntlet | Found a transporter.
 10107 | Gauntlet | Found a transporter.
 10110 | Gauntlet | Found a transporter.
 10193 | Gauntlet | Killed a tengu warrior
 10194 | Gauntlet | Reached skill level 7 in Invocations
 10273 | Gauntlet | Identified the ring of Selo {rPois Will+}
 10314 | Gauntlet | Killed a green death
 10565 | Gauntlet | Noticed a minotaur
 10574 | Gauntlet | Killed a minotaur
 11079 | Lair:1   | Entered Level 1 of the Lair of Beasts
 11086 | Lair:1   | Reached skill level 8 in Invocations
 11244 | Lair:1   | Anointed Hawl the wizard as your apostle
 11325 | Lair:1   | You fall into a shaft and drop 1 floor!
 11401 | Lair:2   | Found a staircase to the Shoals.
 11408 | Lair:2   | Reached skill level 9 in Invocations
 11568 | Lair:2   | Found a staircase to the Snake Pit.
 12006 | Lair:1   | Reached **** piety under Beogh
 12398 | Lair:2   | Reached skill level 10 in Invocations
 12526 | Lair:2   | Reached XP level 13. HP: 109/116 MP: 20/20
 13150 | Lair:3   | Reached skill level 11 in Invocations
 13180 | Lair:3   | Found a dark tunnel.
 13207 | Volcano  | Entered a volcano
 13249 | Volcano  | Reached ***** piety under Beogh
 13326 | Volcano  | Your ally Hawl died
 13337 | Volcano  | Found a radiant altar of Vehumet.
 13604 | Lair:3   | Noticed Bogward
 13615 | Lair:3   | Anointed Bogward the priest as your apostle
 13737 | Lair:3   | Reached skill level 12 in Invocations
 14282 | Lair:4   | Found a runed translucent door.
 14284 | Lair:4   | Found a viscous altar of Jiyva.
 14284 | Lair:4   | Noticed an acid blob
 14288 | Lair:4   | Found a staircase to the Slime Pits.
 14288 | Lair:4   | Noticed an acid blob
 14288 | Lair:4   | Noticed an acid blob
 14573 | Lair:4   | Reached skill level 13 in Invocations
 15116 | Lair:5   | Entered Level 5 of the Lair of Beasts
 15219 | Lair:5   | Reached skill level 10 in Armour
 15278 | Lair:5   | Reached XP level 14. HP: 114/127 MP: 24/24
 15464 | Lair:5   | Identified the ring of the Coward {rC+ EV+5}
 15506 | Lair:5   | Reached skill level 14 in Invocations
 15539 | Lair:5   | Noticed Snorg
 15548 | Lair:5   | Killed Snorg
 15549 | Lair:5   | Reached skill level 10 in Shields
 15980 | Lair:5   | Identified the +10 scale mail of Courage {Int+7}
 16240 | Lair:5   | Reached skill level 15 in Invocations
 16392 | Lair:5   | Identified the ring of Cevoriga {rN+ Stlth+}
 16860 | Orc:1    | Reached ****** piety under Beogh
 17128 | Orc:2    | Entered Level 2 of the Orcish Mines
 17167 | Orc:2    | Anointed Bogbrand the warrior as your apostle
 17471 | Orc:2    | Found Visasaewn's Assorted Antiques.
 17472 | Orc:2    | Found a roughly hewn altar of Beogh.
 17477 | Orc:2    | Reached skill level 16 in Invocations
 17482 | Orc:2    | Your ally Bogward died
 17487 | Orc:2    | Found Kusas's Antique Weapon Shoppe.
 17630 | Orc:2    | Bought a potion of heal wounds for 120 gold pieces
 17630 | Orc:2    | Bought a scroll of fear for 96 gold pieces
 17673 | Orc:2    | Found Pexkak's Distillery.
 17679 | Orc:2    | Bought a potion of haste for 160 gold pieces
 17679 | Orc:2    | Bought a potion of haste for 160 gold pieces
 17679 | Orc:2    | Bought a potion of haste for 160 gold pieces
 17679 | Orc:2    | Bought a potion of curing for 48 gold pieces
 17679 | Orc:2    | Bought a potion of heal wounds for 80 gold pieces
 17679 | Orc:2    | Bought a potion of ambrosia for 128 gold pieces
 17784 | Orc:2    | Found Mierigg's Magic Scroll Shoppe.
 17784 | Orc:2    | Noticed an orc warlord
 17792 | Orc:2    | Pacified an orc warlord
 17795 | Orc:2    | Bought a scroll of enchant armour for 97 gold pieces
 17795 | Orc:2    | Bought a scroll of butterflies for 52 gold pieces
 17795 | Orc:2    | Bought a scroll of blinking for 97 gold pieces
 17795 | Orc:2    | Bought a scroll of fog for 52 gold pieces
 17981 | Orc:2    | Found a staircase to the Elven Halls.
 18941 | D:13     | Found an iron altar of Okawaru.
 19252 | D:13     | Noticed an ironbound thunderhulk
 19262 | D:13     | Reached XP level 15. HP: 74/137 MP: 27/27
 19515 | D:13     | Identified the serpent talisman of Misanthropy {rF+ Slay+6}
 19665 | D:13     | Found a gate to the Vaults.
 19973 | D:14     | Noticed Frances
 19979 | D:14     | Killed Frances
 19980 | D:14     | Reached skill level 17 in Invocations
 20060 | D:14     | Noticed Agnes
 20064 | D:14     | Your ally Orkwin died
 20065 | D:14     | Killed Agnes
 20266 | D:14     | Found Gicaloz's Magic Scroll Boutique.
 20274 | D:14     | Bought a scroll of revelation for 105 gold pieces
 20274 | D:14     | Bought a scroll of revelation for 105 gold pieces
 20274 | D:14     | Bought a scroll of revelation for 105 gold pieces
 20329 | D:14     | Identified the +2 ring mail "Naxkuegh" {rF+}
 20396 | D:15     | Entered Level 15 of the Dungeon
 20616 | D:15     | Found a staircase to the Depths.
 21573 | Snake:1  | Entered Level 1 of the Snake Pit
 21729 | Snake:1  | Reached skill level 18 in Invocations
 21760 | Snake:1  | Noticed a nagaraja
 21776 | Snake:1  | Killed a nagaraja
 22314 | Snake:1  | Found a transporter.
 22581 | Snake:1  | Anointed Gorbash the warrior as your apostle
 22773 | Snake:1  | Found a transporter.
 23247 | Snake:2  | Noticed a nagaraja
 23252 | Snake:2  | Killed a nagaraja
 23471 | Snake:2  | Reached XP level 16. HP: 106/147 MP: 29/29
 23593 | Snake:2  | Reached skill level 19 in Invocations
 23844 | Snake:2  | Noticed Louise
 23847 | Snake:2  | Killed Louise
 23892 | Snake:2  | Identified the +6 falchion "Komar" {venom, Dex+2}
 24347 | Snake:3  | Found a bloodstained altar of Trog.
 24354 | Snake:3  | Reached skill level 15 in Fighting
 25037 | Snake:3  | Found a transporter.
 25041 | Snake:3  | Noticed Wastoufi's ghost (adept GrFi)
 25067 | Snake:3  | Found a transporter.
 25886 | Snake:4  | Entered Level 4 of the Snake Pit
 26105 | Snake:4  | Reached skill level 20 in Invocations
 26238 | Snake:4  | Your ally Bogbrand died
 26248 | Snake:4  | Your ally Orkwin died
 26260 | Snake:4  | HP: 7/149 [naga ritualist/Olgreb's Toxic Radiance (2)]
 26266 | Snake:4  | HP: 4/149 [poisoned by a nagaraja (bolt of poison)]
 26603 | Snake:4  | Got a serpentine rune of Zot
 27179 | Snake:4  | Noticed Mlioglotl
 27183 | Snake:4  | Noticed a tentacled starspawn
 27183 | Snake:4  | Killed Mlioglotl
 27695 | Snake:2  | Identified the +6 dagger of the Genius {freeze, rPois
                  | Dex+4}
 27705 | Snake:2  | Anointed Gorg the wizard as your apostle
 27810 | Shoals:1 | Entered Level 1 of the Shoals
 27822 | Shoals:1 | Reached XP level 17. HP: 145/158 MP: 31/31
 27827 | Shoals:1 | Reached skill level 21 in Invocations
 28327 | Shoals:1 | Found a runed translucent door.
 28331 | Shoals:1 | Noticed bakla's ghost (journeyman HuEE)
 29927 | Shoals:2 | Found the +3 robe of Clouds {*Thunder rCloud rElec}
 30083 | Shoals:2 | Found Qoig's Armour Shoppe.
 30238 | Shoals:3 | Found Tedd's Weapon Boutique.
 30775 | Shoals:3 | Found Jaimen's Magic Scroll Boutique.
 30796 | Shoals:2 | Reached skill level 22 in Invocations
 30921 | Shoals:3 | Bought 3 scrolls of teleportation for 108 gold pieces
 30921 | Shoals:3 | Bought a scroll of immolation for 48 gold pieces
 30921 | Shoals:3 | Bought a scroll of teleportation for 36 gold pieces
 31151 | Shoals:3 | Found Raalanum's Antique Weapon Boutique.
 31549 | Shoals:3 | Noticed Ilsuiw
 31555 | Shoals:3 | Killed Ilsuiw
 31788 | Shoals:3 | Found Jocutwei's Weapon Shoppe.
 31799 | Shoals:3 | Bought a throwing net for 57 gold pieces
 31960 | Shoals:3 | Reached skill level 15 in Armour
 31966 | Shoals:3 | Noticed Polyphemus
 31978 | Shoals:3 | Killed Polyphemus
 32222 | Shoals:3 | Found Sewuat's Armour Boutique.
 32230 | Shoals:3 | Bought the +1 pair of gloves of Leaves {+Inv Int+3 SInv}
                  | for 442 gold pieces
 32425 | Shoals:4 | Entered Level 4 of the Shoals
 32689 | Shoals:4 | Reached XP level 18. HP: 98/168 MP: 33/33
 32736 | Shoals:4 | Identified the +3 halberd "Tormentor" {freeze, rC+}
 32983 | Shoals:4 | Got a barnacled rune of Zot
 33113 | Shoals:4 | Your ally Gorg died
 33299 | Shoals:4 | Identified the +5 scale mail of Mussaoc {Str+3}
 33391 | Shoals:4 | Reached skill level 23 in Invocations
 33727 | Shoals:3 | Anointed Wulfoc the priest as your apostle
 33964 | Elf:1    | Entered Level 1 of the Elven Halls
 33991 | Elf:1    | Paralysed by an air elemental for 1 turns
 34729 | Elf:1    | Reached skill level 15 in Shields
 35359 | Elf:2    | Your ally Orkwin died
 36078 | Elf:2    | Found a runed translucent gate.
 36079 | Elf:2    | Found a runed translucent gate.
 36079 | Elf:2    | Found a runed translucent gate.
 36303 | Elf:3    | Entered Level 3 of the Elven Halls
 36906 | Elf:3    | Your ally Gorbash died
 36916 | Elf:3    | Killed from afar by a ghostly deep elf annihilator

Illustrated notes

Levels and vault maps discovered:
D:1:      giann_bridges, layout_loops_ring, minmay_tromino_v7
D:2:      layout_basic, basic_altar, basic_ecumenical_altar
D:3:      layout_basic, mrwooster_statue_mirror
D:4:      layout_basic, good_gods_temple_1, gup_ossuary_entry_pyramid,
          uniq_robin
D:5:      minmay_evil_eye, layout_rooms, general_overflow_altar,
          mainiacjoe_overflow_catch_the_wave, chequers_jeans,
          kennysheep_generic_room_12, uniq_crazy_yiuf_cottage
D:6:      layout_rooms, uniq_blork_the_orc, uniq_duvessa, uniq_prince_ribbit1
D:7:      layout_rooms, minmay_temple_entry_sparse_star
D:8:      hangedman_cross_stitches, layout_basic, gammafunk_ghost_cemetery
D:9:      layout_grid_maze, minmay_overflow_temple_hex, uniq_gastronok,
          uniq_harold, uniq_joseph, uniq_jeremiah
D:10:     layout_stronghold, david_orc_3
D:11:     layout_basic, minmay_lair_entry_grove
D:12:     layout_big_octagon, gauntlet_entry_generic
D:13:     layout_stronghold, hellmonk_vaults_keyhole, okawaru_metal_pillars_1_2
D:14:     layout_rooms, serial_shops, nicolae_shop_tiny_statue_garden,
          uniq_frances, uniq_agnes
D:15:     gammafunk_depths_entry_grave, layout_stronghold
Lair:1:   layout_cave_shapes, grunt_megastairs_4
Lair:2:   layout_big_grid, minmay_shoals_entry_beasts, dummy_snake_entry,
          pdpol_lair_neglected_garden, grunt_megastairs_2, serial_bayou_shore_a
Lair:3:   layout_hall_layers, nicolae_volcano_entry_lava_flow
Lair:4:   layout_cave_pods, slime_entry_2, infiniplex_staircase_pool_2
Lair:5:   due_jungle_book, layout_cave_pods, infiniplex_staircase_pool,
          uniq_snorg
Shoals:1: layout_shoals, ebering_ghost_inner_flame, st_sunken_huts
Shoals:2: layout_shoals, serial_shops, nicolae_shop_rolling_square
Shoals:3: cheibrodos_shoals_three_sisters, layout_shoals, serial_shops,
          nicolae_shop_bloodbath_and_beyond, nicolae_lakefront_shop, shop,
          nicolae_shop_hallway_plus, nicolae_shop_crystal, uniq_polyphemus,
          uniq_ilsuiw
Shoals:4: shoals_end_hellmonk_lost_city
Snake:1:  gammafunk_its_a_trap, layout_honeycomb, hangedman_corner_corridor
Snake:2:  layout_grid_maze, uniq_louise
Snake:3:  layout_cave_town, gammafunk_ghost_arena, basic_altar
Snake:4:  minmay_snake_end_coiled, layout_cave_pods, uniq_mlioglotl
Orc:1:    layout_caves, nicolae_orc_lava_room
Orc:2:    hellmonk_orc_salted, layout_diamond_mine, abandoned_shop
Elf:1:    minmay_elf_arrival_summoners, layout_geoelf_octagon, minivault_28,
          st_stairs_5
Elf:2:    nicolae_elf_blades_crystal_corner, layout_loops_corners
Elf:3:    minmay_elf_hall_spiked, layout_onion_city, serial_shops, shop

Skill      XL: |  1  2  3  4  5  6  7  8  9 10 11 12 13 14 15 16 17 18 |
---------------+-------------------------------------------------------+-----
Axes           | 4 5 6 8 10 13 14 16 18 | 18.0
Armour         | 1 2 3 5 6 8 10 11 13 14 15 16 | 16.5
Fighting       | 4 5 6 8 9 11 12 13 14 15 16 17 | 17.9
Shields        | 4 5 7 9 10 11 12 14 15 | 15.4
Invocations    | 5 10 13 16 18 20 22 23 | 23.7
Dodging        | |  2.1

Action                     |  1- 3 |  4- 6 |  7- 9 | 10-12 | 13-15 | 16-18 || total
---------------------------+-------+-------+-------+-------+-------+-------++-------
  Melee: Hand axe          |    93 |    91 |       |       |       |       ||   184
         Broad axe         |       |    47 |   143 |   353 |   689 |   678 ||  1910
  Throw: Stone             |    11 |     7 |     4 |     5 |       |       ||    27
 Invoke: Convert to Beogh  |       |       |       |     1 |       |       ||     1
         Recruit Apostle   |       |       |       |     2 |     3 |     2 ||     7
         Recall Apostles   |       |       |       |     1 |     3 |     8 ||    12
         Dismiss Apostle   |       |       |       |       |     2 |     3 ||     5
         Smiting           |       |       |       |       |     7 |    13 ||    20
         Blood for Blood   |       |       |       |       |     1 |     2 ||     3
  Evoke: Wand              |       |       |     1 |     8 |     3 |       ||    12
         Phantom mirror    |       |       |       |       |     1 |       ||     1
    Use: Potion            |       |     3 |       |     1 |     1 |     7 ||    12
         Scroll            |       |    10 |     8 |     7 |     5 |     1 ||    31
   Stab: Distracted        |       |       |       |     2 |    14 |    15 ||    31
         Sleeping          |       |       |       |       |     1 |     1 ||     2
         Petrified         |       |       |       |       |       |     3 ||     3
 Armour: Robe              |     9 |       |       |       |       |       ||     9
         Scale mail        |    36 |       |       |       |   230 |   526 ||   792
         Chain mail        |    11 |   130 |    59 |       |   119 |       ||   319
         Leather armour    |       |       |    20 |   153 |    43 |       ||   216
  Dodge: Dodged            |    40 |    48 |    82 |   135 |   235 |   175 ||   715
  Block: Buckler           |       |       |       |   126 |   251 |       ||   377
         Reflection        |       |       |       |     4 |    31 |   158 ||   193
         Tower shield      |       |       |       |       |   287 |   929 ||  1216

Table legend: (Time is in decaauts)
 A = Elapsed time spent in this place.
 B = Non-inter-level travel time spent in this place.
 C = Inter-level travel time spent in this place.
 D = Time resting spent in this place.
 E = Time spent auto-exploring this place.
 F = Levels seen in this place.
 G = Mean time per level.
                   A        B        C        D        E       F      G
               +--------+--------+--------+--------+--------+-----+--------+
         Total |  36620 |  34936 |   1684 |   7604 |  20676 |  36 | 1017.2 |
       Dungeon |  13026 |  12259 |    767 |   1128 |   9063 |  15 |  868.4 |
          Lair |   5362 |   5078 |    284 |    765 |   3393 |   5 | 1072.4 |
        Shoals |   6026 |   5826 |    200 |   2240 |   1709 |   4 | 1506.5 |
     Snake Pit |   6175 |   5918 |    257 |   1824 |   3363 |   4 | 1543.8 |
  Orcish Mines |   1639 |   1510 |    129 |     80 |   1145 |   2 |  819.5 |
   Elven Halls |   2915 |   2870 |     45 |   1158 |   1320 |   3 |  971.7 |
       Ossuary |    450 |    450 |      0 |      3 |    339 |   1 |  450.0 |
       Volcano |    368 |    368 |      0 |     29 |    214 |   1 |  368.0 |
      Gauntlet |    656 |    656 |      0 |    377 |    130 |   1 |  656.0 |
               +--------+--------+--------+--------+--------+-----+--------+

Top non-repeatable levels by time:
Shoals:3: 1714 daAuts
Shoals:2: 1692 daAuts
 Snake:1: 1670 daAuts
 Snake:3: 1658 daAuts
 Snake:4: 1637 daAuts
  Lair:5: 1566 daAuts
    D:11: 1424 daAuts
Shoals:1: 1366 daAuts
   Elf:1: 1323 daAuts
Shoals:4: 1253 daAuts
 Snake:2: 1209 daAuts
     D:9: 1202 daAuts
   Orc:2: 1122 daAuts
     D:8: 1050 daAuts
    D:15: 1042 daAuts
